 Dungeon Crawl Stone Soup version 0.29-a0-243-g602b31c20e (webtiles) character file.

Game seed: 4966863145076909002

291 dolemite99 the Vexing (level 6, -1/47 HPs)
             Began as a Gnoll Arcane Marksman on Mar 5, 2022.
             Was a Plaything of Xom.
             Slain by a mummy (11 damage)
             ... on level 4 of the Dungeon.
             The game lasted 00:06:11 (4192 turns).

dolemite99 the Vexing (Gnoll Arcane Marksman)       Turns: 4192, Time: 00:06:12

Health: -1/47      AC:  5    Str:  9    XL:     6   Next: 32%
Magic:  11/11      EV: 13    Int: 12    God:    Xom [...*..]
Gold:   186        SH:  0    Dex: 12    Spells: 7/11 levels left

rFire   + . .      SeeInvis .   a - +0 shortbow
rCold   + + .      Faith    +   (shield currently unavailable)
rNeg    + . .      Spirit   .   v - +0 leather armour
rPois   .          Reflect  .   k - +1 helmet
rElec   .          Harm     .   (no cloak)
rCorr   .          Rampage  .   (no gloves)
Will    .....                   (no boots)
Stlth   ++........              h - amulet "Gukoaghe" {Faith rF+ rC++ Dex-3}
HPRegen 0.15/turn               r - ring of positive energy
MPRegen 0.12/turn               (no ring)

@: no status effects
A: fangs 1, strong nose, distributed training
a: Renounce Religion


You were on level 4 of the Dungeon.
You worshipped Xom.
You were a favourite toy of Xom.
You visited 1 branch of the dungeon, and saw 4 of its levels.

You collected 186 gold pieces.

Inventory:

Hand Weapons
 a - a +0 shortbow (weapon)
 b - a +1 vorpal hand axe
Missiles
 d - 141 stones
 e - 9 boomerangs
 y - 4 atropa-tipped darts
 A - 2 silver boomerangs
Armour
 k - a +1 helmet (worn)
 v - a +0 leather armour (worn)
 z - the +5 scale mail of the Crypt {Fly rF- rN+++ Will+}
   (You found it on level 3 of the Dungeon)

   rF:        It makes you vulnerable to fire.
   rN:        It renders you almost immune to negative energy.
   Fly:       It grants you flight.
   Will:      It increases your willpower.
Jewellery
 h - the amulet "Gukoaghe" (around neck) {Faith rF+ rC++ Dex-3}
   (You acquired it on level 4 of the Dungeon)

   [amulet of faith]

   It allows you to gain divine favour quickly.
   Dex:       It affects your dexterity (-3).
   rF:        It protects you from fire.
   rC:        It greatly protects you from cold.
 r - a ring of positive energy (left hand)
Scrolls
 f - a scroll of fear {unknown}
 l - 2 scrolls of noise {unknown}
 o - 2 scrolls of torment {unknown}
 p - 4 scrolls of vulnerability {unknown}
 q - a scroll of immolation {unknown}
 s - a scroll of magic mapping {unknown}
 t - 2 scrolls of identify {unknown}
 w - a scroll of blinking {unknown}
Potions
 c - a potion of degeneration {unknown}
 g - a potion of heal wounds {unknown}
 j - a potion of lignification {unknown}
 n - 2 potions of mutation {unknown}
 u - a potion of brilliance {unknown}
 x - a potion of magic {unknown}


   Skills:
 + Level 3.2 Fighting
 + Level 1.9 Short Blades
 + Level 1.9 Long Blades
 + Level 1.9 Axes
 + Level 1.9 Maces & Flails
 + Level 1.9 Polearms
 + Level 1.9 Staves
 + Level 1.9 Slings
 + Level 5.0 Bows
 + Level 1.9 Crossbows
 + Level 1.9 Throwing
 + Level 1.9 Armour
 + Level 5.0 Dodging
 + Level 1.9 Stealth
 + Level 1.9 Shields
 + Level 1.9 Unarmed Combat
 + Level 3.4 Spellcasting
 + Level 1.5 Conjurations
 + Level 5.6 Hexes
 + Level 1.5 Summonings
 + Level 1.5 Necromancy
 + Level 1.5 Translocations
 + Level 1.5 Transmutations
 + Level 1.5 Fire Magic
 + Level 1.5 Ice Magic
 + Level 1.5 Air Magic
 + Level 1.5 Earth Magic
 + Level 1.5 Poison Magic
 + Level 2.1 Invocations
 + Level 1.9 Evocations


You had 7 spell levels left.
You knew the following spells:

 Your Spells              Type           Power      Damage    Failure   Level
a - Slow                  Hex            60%        N/A       3%          1
b - Confusing Touch       Hex            15%        N/A       10%         3

Your spell library contained the following spells:

 Spells                   Type           Power      Damage    Failure   Level
 Tukima's Dance           Hex            15%        N/A       10%         3
 Dazzling Flash           Conj/Hex       20%        N/A       22%         3
 Inner Flame              Hex/Fire       10%        N/A       22%         3
 Portal Projectile        Hex/Tloc       20%        N/A       22%         3
 Scorch                   Fire           10%        2d6       26%         2
 Cause Fear               Hex            7%         N/A       30%         4
 Anguish                  Hex/Necr       5%         N/A       58%         4
 Flame Wave               Conj/Fire      5%         2d5       86%         4
 Olgreb's Toxic Radiance  Pois           5%         N/A       86%         4
 Silence                  Hex/Air        5%         N/A       90%         5
 Yara's Violent Unravell  Hex/Tmut       5%         3d4       90%         5
 Agony                    Necr           5%         N/A       99%         5
 Summon Cactus Giant      Summ           2%         N/A       100%        6
 Enfeeble                 Hex            7%         N/A       100%        7
 Ozocubu's Refrigeration  Ice            2%         4d5       100%        7
 Ignition                 Fire           2%         3d3       100%        8


Dungeon Overview and Level Annotations

Branches:
Dungeon (4/15)
 Temple: D:4-7

Altars:
Makhleb
Trog
Xom

Shops:
D:4 *


Innate Abilities, Weirdness & Mutations

You have very sharp teeth.
Your uncanny sense of smell can sniff out nearby items.
Your experience applies equally to all skills.


Message History

No target in view!
Found a falchion.
No target in view!
You see here a +0 falchion.
p - 4 scrolls labelled ETSAUS IGRUAMM (gained 3)
You open the door.
A mummy comes into view.
A mummy is nearby!
You shoot an arrow.
The arrow hits the mummy but does no damage.
You shoot an arrow. The arrow hits the mummy.
The mummy is lightly damaged.
No target in view!
No target in view!
No target in view!
You shoot an arrow. The arrow hits the mummy!
The mummy is heavily damaged.
A mummy is nearby!
A mummy is nearby!
You shoot an arrow. The arrow barely misses the mummy.
The mummy barely misses you.
You shoot an arrow. The arrow barely misses the mummy.
The mummy hits you but does no damage.
You shoot an arrow. The arrow hits the mummy.
The mummy is severely damaged.
The mummy hits you!
You shoot an arrow. The arrow closely misses the mummy.
The mummy hits you.
You are too injured to fight recklessly!
You are too injured to fight recklessly!
b - a +1 vorpal hand axe (weapon)
You barely miss the mummy.
The mummy is severely damaged.
The mummy hits you!
* * * LOW HITPOINT WARNING * * *
You hit the mummy.
The mummy is almost destroyed.
Okay, then.
a - a +0 shortbow (weapon)
The mummy hits you!
You die...

P♣#♣≈♣≈♣##.# #.###.#...###......#
♣#♣≈≈≈♣#♣#.###.###.#.##.##..###..
#♣≈♣≈♣#♣≈#........######.....###.
#≈♣#♣≈♣♣≈#..........###.....#.##.
'≈♣♣#♣≈≈♣#................#......
##≈P♣##'###.......##......##....#
######....#........##............
..#####.###...............##.....
.....##.##......@.........###.#..
#.....#.##.#####M#####....###....
#...⌠.#†....##.... ##............
#............##...##..........)..
#......##..#..##.##............).
...######### ..###......<......<.
##..## #..#............. ##..##
....#............ ##..##
##..............


You could see a mummy.

Vanquished Creatures
  A scorpion (D:4)
  A jelly (D:4)
  Jessica (D:2)
  2 orc wizards (D:4)
  An adder (D:2)
  An ufetubus (D:3)
  A worm (D:2)
  4 dart slugs
  9 orcs
  9 bats
  7 endoplasms
  3 giant cockroaches (D:1)
  9 goblins
  6 hobgoblins
  4 jackals (D:1)
  3 quokkas
  11 ball pythons
  A frilled lizard (D:1)
  8 kobolds
  5 rats
87 creatures vanquished.

Notes
Turn   | Place    | Note
-------+----------+-------------------------------------------
     0 | D:1      | dolemite99 the Gnoll Arcane Marksman began the quest for
                  | the Orb.
     0 | D:1      | Reached XP level 1. HP: 17/17 MP: 4/4
   127 | D:1      | Reached XP level 2. HP: 22/23 MP: 5/5
   504 | D:1      | Reached XP level 3. HP: 28/28 MP: 7/7
   969 | D:2      | Reached skill level 1 in Invocations
   997 | D:2      | Noticed Jessica
  1004 | D:2      | Killed Jessica
  1005 | D:2      | Reached skill level 1 in Short Blades
  1005 | D:2      | Reached skill level 1 in Long Blades
  1005 | D:2      | Reached skill level 1 in Axes
  1005 | D:2      | Reached skill level 1 in Maces & Flails
  1005 | D:2      | Reached skill level 1 in Polearms
  1005 | D:2      | Reached skill level 1 in Staves
  1005 | D:2      | Reached skill level 1 in Slings
  1005 | D:2      | Reached skill level 1 in Crossbows
  1005 | D:2      | Reached skill level 1 in Throwing
  1005 | D:2      | Reached skill level 1 in Armour
  1005 | D:2      | Reached skill level 1 in Stealth
  1005 | D:2      | Reached skill level 1 in Shields
  1005 | D:2      | Reached skill level 1 in Unarmed Combat
  1005 | D:2      | Reached skill level 1 in Evocations
  1005 | D:2      | Reached XP level 4. HP: 34/34 MP: 8/8
  1356 | D:2      | Reached skill level 1 in Conjurations
  1356 | D:2      | Reached skill level 1 in Summonings
  1356 | D:2      | Reached skill level 1 in Necromancy
  1356 | D:2      | Reached skill level 1 in Translocations
  1356 | D:2      | Reached skill level 1 in Transmutations
  1356 | D:2      | Reached skill level 1 in Fire Magic
  1356 | D:2      | Reached skill level 1 in Ice Magic
  1356 | D:2      | Reached skill level 1 in Air Magic
  1356 | D:2      | Reached skill level 1 in Earth Magic
  1356 | D:2      | Reached skill level 1 in Poison Magic
  1630 | D:3      | Found a faded altar of an unknown god.
  1660 | D:3      | Prayed at the altar of an unknown god.
  1660 | D:3      | Became a worshipper of Xom of Chaos
  1945 | D:3      | Reached XP level 5. HP: 40/40 MP: 9/9
  1967 | D:3      | Found a bloodstained altar of Trog.
  2458 | D:3      | Identified the +5 scale mail of the Crypt {Fly rF- rN+++
                  | Will+}
  2501 | D:4      | XOM: noise
  2524 | D:3      | HP: 1/60 [ufetubus (4)]
  2537 | D:3      | XOM: divination: detect items
  2671 | D:3      | XOM: silly message
  2985 | D:3      | XOM: cloud trail
  3032 | D:4      | Identified 2 scrolls of acquirement
  3032 | D:4      | Acquired a book of Misfortune
  3038 | D:4      | Learned a level 3 spell: Confusing Touch
  3190 | D:4      | HP: 2/61 [orc wizard/+0 dagger (3)]
  3229 | D:3      | XOM: scenery: summon butterflies
  3603 | D:4      | Reached XP level 6. HP: 44/47 MP: 8/11
  3622 | D:4      | Got the Grimoire of Curses
  3664 | D:4      | Acquired the amulet "Gukoaghe" {Faith rF+ rC++ Dex-3}
  3699 | D:4      | Found Pudemi's Assorted Antiques.
  3786 | D:4      | Reached skill level 5 in Bows
  3786 | D:4      | Reached skill level 5 in Dodging
  3989 | D:4      | Found a burning altar of Makhleb.
  4192 | D:4      | Slain by a mummy

Illustrated notes

Levels and vault maps discovered:
D:1:      minmay_arrival_diagonal_passages, layout_loops_ring,
          hangedman_glass_teeth, minmay_bisected
D:2:      layout_rooms, minmay_split_cup_large, uniq_jessica
D:3:      layout_loops_corners, bloody_trog,
          hellmonk_ecumenical_altar_leap_of_faith, nicolae_figureground_pulse
D:4:      minmay_chambers_of_fours, layout_layer_cave,
          mainiacjoe_overflow_paths, cheibrodos_ashenzari_chains, temple_green,
          serial_shops, nicolae_shop_trees, cheibrodos_sewer_entry_bend,
          gup_ossuary_entry_pyramid, minmay_misc_feat_cross,
          minmay_misc_feat_iff, hangedman_feature_mirror, saegor_snake_ambush

Skill      XL: |  1  2  3  4  5  6 |
---------------+-------------------+-----
Invocations    | 1 2 |  2.1
Short Blades   | 1 |  1.9
Long Blades    | 1 |  1.9
Axes           | 1 |  1.9
Maces & Flails | 1 |  1.9
Polearms       | 1 |  1.9
Staves         | 1 |  1.9
Slings         | 1 |  1.9
Crossbows      | 1 |  1.9
Throwing       | 1 |  1.9
Armour         | 1 |  1.9
Stealth        | 1 |  1.9
Shields        | 1 |  1.9
Unarmed Combat | 1 |  1.9
Evocations     | 1 |  1.9
Spellcasting   | 3 |  3.4
Conjurations   | 1 |  1.5
Summonings     | 1 |  1.5
Necromancy     | 1 |  1.5
Translocations | 1 |  1.5
Transmutations | 1 |  1.5
Fire Magic     | 1 |  1.5
Ice Magic      | 1 |  1.5
Air Magic      | 1 |  1.5
Earth Magic    | 1 |  1.5
Poison Magic   | 1 |  1.5
Fighting       | 3 |  3.2
Bows           | 5 |  5.0
Dodging        | 5 |  5.0
Hexes          | |  5.6

Action                   |  1- 3 |  4- 6 || total
-------------------------+-------+-------++-------
Melee: Hand axe          |       |    39 ||    39
       Bite              |       |     4 ||     4
 Fire: Shortbow          |    94 |   123 ||   217
 Cast: Slow              |       |    10 ||    10
  Use: Scroll            |       |     3 ||     3
       Potion            |       |     2 ||     2
Armor: Robe              |    12 |    24 ||    36
       Leather armour    |       |     1 ||     1
Dodge: Dodged            |    27 |    97 ||   124

Table legend: (Time is in decaauts)
 A = Elapsed time spent in this place.
 B = Non-inter-level travel time spent in this place.
 C = Inter-level travel time spent in this place.
 D = Time resting spent in this place.
 E = Time spent auto-exploring this place.
 F = Levels seen in this place.
 G = Mean time per level.
                   A        B        C        D        E       F      G
               +--------+--------+--------+--------+--------+-----+--------+
         Total |   4296 |   4150 |    146 |    894 |   2413 |   4 | 1074.0 |
       Dungeon |   4296 |   4150 |    146 |    894 |   2413 |   4 | 1074.0 |
               +--------+--------+--------+--------+--------+-----+--------+

Top non-repeatable levels by time:
     D:3: 2003 daAuts
     D:1: 964 daAuts
     D:4: 773 daAuts
     D:2: 556 daAuts
